AoeStats
← ^ ^6👌BrandMaster2000

Arabia

509589036Analyzed
2v2 RM · 5d ago on Sep 27, 2026· 32m 8s· 4 players
Game mode
Random Map
Map size
Medium (4 player)
Population
200
Speed
Normal
Resources
Standard
Victory
Conquest
Starting age
Dark Age
Ending age
Imperial Age
RankedLock teamsTeams togetherTeam positionsShared explorationLock speedFull tech treeHidden civsTurbo modeCheats
Victory
Defeat
🇹🇷 Magyars · Türkiye
1057
+13
🇫🇷 Huns · France
1046
+13
🇨🇭 Vietnamese · Switzerland
1025
-15
🇨🇭 Franks · Switzerland
945
-34
подлец
3:10 Loom
11:04 Feudal Age
17:02 Double-Bit Axe
17:06 Horse Collar
18:22 Fletching
22:45 Castle Age
22:53 Pikeman
22:57 Elite Skirmisher
22:59 Crossbowman
23:45 Thumb Ring
24:16 Squires
25:23 Forging
30:05 Bodkin Arrow
30:37 Heavy Plow
^ ^6👌BrandMaster2000
16:18 Feudal Age
20:03 Double-Bit Axe
28:45 Castle Age
28:55 Elite Skirmisher
29:44 Elite Skirmisher
31:00 Pikeman
cris
7:34 Loom
9:52 Feudal Age
10:35 Double-Bit Axe
16:58 Horse Collar
22:03 Castle Age
20:45 Bloodlines
20:46 Fletching
22:45 Bodkin Arrow
23:01 Thumb Ring
23:29 Gold Mining
24:27 Bow Saw
25:43 Ballistics
26:59 Wheelbarrow
27:23 Padded Archer Armor
27:33 Husbandry
29:55 Gold Shaft Mining
29:46 Hand Cart
buraktan86
0:27 Loom
10:28 Feudal Age
11:24 Double-Bit Axe
16:44 Fletching
17:31 Horse Collar
20:50 Scale Barding Armor
22:40 Bloodlines
26:24 Castle Age
24:21 Stone Mining
26:46 Gold Mining
26:42 Light Cavalry
27:23 Husbandry
29:02 Bow Saw
29:25 Heavy Plow
Connection lost

Rejoining the realm…

Still unreachable

The connection could not be restored.

Session expired

The server has moved on; the page needs a fresh start.